 Dungeon Crawl Stone Soup version 0.18.1-48-g4cf74bf (webtiles) character file.

508 Implojin the Grappler (level 6, -3/51 HPs)
             Began as a Minotaur Fighter on July 21, 2016.
             Was an Initiate of Okawaru.
             Slain by a troll (4 damage)
             ... on level 10 of the Dungeon.
             The game lasted 00:06:37 (853 turns).

Implojin the Grappler (Minotaur Fighter)             Turns: 853, Time: 00:06:38

Health: -3/51      AC:  7    Str: 23    XL:     6   Next: 98%
Magic:  5/5        EV:  9    Int:  5    God:    Okawaru [......]
Gold:   22         SH: 10    Dex: 16    Spells: 0 memorised, 5 levels left

rFire  . . .     SeeInvis .       - Unarmed
rCold  . . .     Gourm    .     q - +1 plate armour
rNeg   . . .     Faith    .     b - +0 shield
rPois  .         Spirit   .     (helmet restricted)
rElec  .         Dismiss  .     (no cloak)
rCorr  .         Reflect  .     (no gloves)
SustAt .         Harm     .     (no boots)
MR     .....                    (no amulet)
Stlth  ..........               (no ring)
                                (no ring)

@: agile, not resistant to hostile enchantments, extremely unstealthy
A: retaliatory headbutt, horns 2, blink, deformed body, strong 1
a: Blink, Renounce Religion


You were on level 10 of the Dungeon.
You worshipped Okawaru.
Okawaru was noncommittal.
You were hungry.

You visited 2 branches of the dungeon, and saw 10 of its levels.

You collected 22 gold pieces.

Inventory:

Missiles
 m - 7 tomahawks of returning
 n - 6 tomahawks (quivered)
 s - 2 throwing nets
Armour
 a - a +0 scale mail
 b - a +0 shield (worn)
 q - a +1 plate armour (worn)
Wands
 c - a wand of paralysis (14/24)
 e - a wand of lightning (10/15)
 u - a wand of confusion (2/48)
Scrolls
 f - a scroll of remove curse
 h - a scroll of recharging
 j - a scroll of magic mapping {unknown}
 l - a scroll of fear {unknown}
 r - a scroll of immolation {unknown}
Potions
 p - a potion of mutation
Books
 k - a book of Annihilations

   Spells                             Type                      Level
   a - Poison Arrow                   Conjuration/Poison           6
   b - Chain Lightning                Conjuration/Air              8
   c - Lehudib's Crystal Spear        Conjuration/Earth            8
   d - Glaciate                       Conjuration/Ice              9
   e - Fire Storm                     Conjuration/Fire             9
Comestibles
 d - a bread ration
 g - a slice of pizza


   Skills:
 - Level 3.6 Fighting
 - Level 3.6 Armour
 - Level 3.6 Shields
 * Level 8.3 Unarmed Combat


You had 5 spell levels left.
You didn't know any spells.

Dungeon Overview and Level Annotations

Branches:
Dungeon (10/15)            Temple (1/1) D:4
   Lair: D:8-11         Orc: D:9-12

Altars:
Makhleb
Okawaru
Zin
The Shining One

Shops:
D:6 %


Innate Abilities, Weirdness & Mutations

You reflexively headbutt those who attack you in melee.
You have a pair of horns on your head.
You can translocate small distances at will.
Armour fits poorly on your strangely shaped body.
Your muscles are strong. (Str +2)


Message History

Evoking this partially-identified wand wasted a few charges.
You punch the troll!
You headbutt the troll, but do no damage.
The troll is moderately wounded.
You hit the troll but do no damage. Your headbutt misses the troll.
The troll is moderately wounded.
You barely miss the troll. Your headbutt misses the troll.
The troll is moderately wounded.
Your plate armour prevents you from hitting the troll.
The troll is lightly wounded.
You hit the troll. Your headbutt misses the troll.
The troll is moderately wounded.
You punch the troll!
The troll is heavily wounded.
You block the troll's attack. The troll closely misses you.
The troll claws you.
* * * LOW HITPOINT WARNING * * *
Unknown command.
You hit the troll.
The troll is heavily wounded.
You catch the helpless troll completely off-guard!
You punch the troll!
The troll is severely wounded.
You punch the troll!
The troll is almost dead.
You are feeling hungry.
You hit the troll. Your headbutt misses the troll.
The troll is almost dead.
The troll seems less confused.
The troll bites you.
* * * LOW HITPOINT WARNING * * *
You block the troll's attack. The troll barely misses you.
Unknown command.
You hit the troll. Your headbutt misses the troll.
The troll is almost dead.
The troll bites you!
* * * LOW HITPOINT WARNING * * *
The troll claws you.
* * * LOW HITPOINT WARNING * * *
The troll claws you.
You die...

#.......# #<.....#
.... #......#
..... #......#
..... #......#
...... #......#
......
#......#+###...(..
#####...T.........
#...@...###
#.......+
#.......#
######+##


You could see a troll.

Vanquished Creatures
  An orc warrior (D:8)
  A centaur (D:6)
  A hound (D:10)
  3 orc priests
  A giant frog skeleton (D:4)
  Jessica (D:2)
  An iguana (D:9)
  Terence (D:3)
  An orc wizard (D:4)
  A hound zombie (D:8)
  3 gnolls (D:9)
  An adder skeleton (D:9)
  2 worms
  11 orcs
  2 giant cockroaches (D:2)
  A hobgoblin (D:2)
  A jackal (D:3)
  A quokka (D:3)
  A ball python (D:2)
  A giant newt (D:2)
  3 kobolds
  2 rats (D:3)
41 creatures vanquished.

Notes
Turn   | Place    | Note
--------------------------------------------------------------
     0 | D:1      | Implojin the Minotaur Fighter began the quest for the Orb.
     0 | D:1      | Reached XP level 1. HP: 19/19 MP: 0/0
    51 | D:2      | Noticed Jessica
    65 | D:2      | Reached skill level 3 in Unarmed Combat
    69 | D:2      | Killed Jessica
    69 | D:2      | Reached skill level 4 in Unarmed Combat
    69 | D:2      | Reached XP level 2. HP: 19/26 MP: 1/1
    69 | D:2      | Reached XP level 3. HP: 23/31 MP: 2/2
   177 | D:3      | Noticed Terence
   182 | D:3      | Killed Terence
   228 | D:4      | You fall through a shaft for 2 floors!
   231 | D:6      | Noticed a centaur
   239 | D:6      | Killed a centaur
   239 | D:6      | Reached skill level 5 in Unarmed Combat
   239 | D:6      | Reached XP level 4. HP: 27/39 MP: 3/3
   239 | D:6      | Reached XP level 5. HP: 31/45 MP: 4/4
   259 | D:6      | Found Heuvovauhoh's Food Shop.
   277 | D:5      | Entered Level 5 of the Dungeon
   374 | D:4      | Reached skill level 6 in Unarmed Combat
   407 | D:4      | Reached skill level 7 in Unarmed Combat
   407 | D:4      | Reached XP level 6. HP: 12/51 MP: 5/5
   462 | D:4      | Found a staircase to the Ecumenical Temple.
   472 | Temple   | Entered the Ecumenical Temple
   481 | Temple   | Became a worshipper of Warmaster Okawaru
   596 | D:6      | You fall through a shaft for 2 floors!
   617 | D:8      | Noticed an orc warrior
   641 | D:8      | Killed an orc warrior
   748 | D:10     | Entered Level 10 of the Dungeon
   770 | D:9      | Reached skill level 8 in Unarmed Combat
   798 | D:9      | Noticed an orc warrior
   800 | D:9      | Gained mutation: Your muscles are strong. (Str +2) [potion of mutation]
   800 | D:9      | Gained mutation: Armour fits poorly on your strangely shaped body. [potion of mutation]
   800 | D:9      | Gained mutation: You can translocate small distances at will. [potion of mutation]
   809 | D:9      | Noticed an orc warrior
   834 | D:10     | Noticed a troll
   853 | D:10     | HP: 1/51 [troll (2)]
   853 | D:10     | Slain by a troll

Skill      XL: |  1  2  3  4  5  6 |
---------------+-------------------+-----
Unarmed Combat | 4 5 7 8 |  8.3
Fighting       | |  3.6
Armour         | |  3.6
Shields        | |  3.6

Action                   |  1- 3 |  4- 6 || total
-------------------------+-------+-------++-------
Melee: Unarmed           |    47 |    98 ||   145
       Headbutt          |    10 |    19 ||    29
Throw: Tomahawk          |       |     4 ||     4
Evoke: Wand              |       |     1 ||     1
  Use: Potion            |     1 |     6 ||     7
       Scroll            |       |     4 ||     4
 Stab: Confused          |       |     1 ||     1
Armor: Scale mail        |    15 |     5 ||    20
       Skin              |       |     1 ||     1
       Plate armour      |       |    12 ||    12
Dodge: Dodged            |     9 |    14 ||    23
Block: Shield            |    20 |    35 ||    55

Table legend:
 A = Turns spent in this place as a percentage of turns spent in the entire game.
 B = Non-inter-level travel turns spent in this place as a percentage of non-inter-level travel turns spent in the entire game.
 C = Inter-level travel turns spent in this place as a percentage of turns spent in this place.
 D = Turns resting spent in this place as a percentage of non-inter-level travel turns spent in this place.
 E = Turns spent auto-exploring this place as a percentage of non-inter-level travel turns spent in this place.
 F = Non-inter-level travel turns spent in this place divided by the number of levels of this place that you've seen.
                   A       B       C       D       E      F
               +-------+-------+-------+-------+-------+----------------------
         Total | 100.0 | 100.0 |   0.0 |   0.3 |   0.0 |  88.8
       Dungeon |  97.9 |  97.9 |   0.0 |   0.3 |   0.0 |  96.6
        Temple |   2.1 |   2.1 |   0.0 |   0.0 |   0.0 |  19.0
               +-------+-------+-------+-------+-------+----------------------

Table legend:
 A = Kills in this place as a percentage of kills in entire the game.
 B = Kills by you in this place as a percentage of kills by you in the entire game.
 C = Kills by friends in this place as a percentage of kills by friends in the entire game.
 D = Other kills in this place as a percentage of other kills in the entire game.
 E = Experience gained in this place as a percentage of experience gained in the entire game.
 F = Experience gained in this place divided by the number of levels of this place that you have seen.
                   A       B       C       D       E      F
               +-------+-------+-------+-------+-------+----------------------
         Total | 100.0 | 100.0 |  -nan |  -nan | 100.0 |  72.6
       Dungeon | 100.0 | 100.0 |  -nan |  -nan | 100.0 |  80.7
               +-------+-------+-------+-------+-------+----------------------
